 Dungeon Crawl Stone Soup version 0.27.1 (webtiles) character file.

Game seed: 566187306474334379

93 jafadoo the Cudgeller (level 4, -6/41 HPs)
             Began as a Minotaur Berserker on Sept 2, 2021.
             Was a Believer of Trog.
             Killed by nerve-wracking pain
             ... invoked by an orc priest
              (14 damage)
             ... on level 3 of the Dungeon.
             The game lasted 00:06:44 (2260 turns).

jafadoo the Cudgeller (Minotaur Berserker)          Turns: 2260, Time: 00:06:45

Health: -6/41      AC:  2    Str: 22    XL:     4   Next: 36%
Magic:  3/3        EV: 12    Int:  4    God:    Trog [**....]
Gold:   92         SH:  0    Dex: 10    Spells: 2/3 levels left

rFire    . . .     SeeInvis .   a - +0 mace
rCold    . . .     Faith    .   (no shield)
rNeg     . . .     Spirit   .   b - +0 animal skin
rPois    .         Reflect  .   (helmet restricted)
rElec    .         Harm     .   (no cloak)
rCorr    .         Rampage  .   (no gloves)
Will     .....                  (no boots)
Stlth    +.........             (no amulet)
HPRegen  0.13/turn              (no ring)
MPRegen  0.08/turn              (no ring)

@: no status effects
A: horns 2, retaliatory headbutt
a: Renounce Religion, Berserk, Trog's Hand


You were on level 3 of the Dungeon.
You worshipped Trog.
Trog was pleased with you.
You visited 1 branch of the dungeon, and saw 3 of its levels.

You collected 92 gold pieces.

Inventory:

Hand Weapons
 a - a +0 mace (weapon)
Armour
 b - a +0 animal skin (worn)
Wands
 j - a wand of iceblast (4)
Scrolls
 c - a scroll of enchant armour {unknown}
 d - a scroll of brand weapon {unknown}
 f - 2 scrolls of teleportation {unknown}
 g - 2 scrolls of identify {unknown}
Potions
 e - a potion of curing {unknown}
 h - a potion of lignification {unknown}
 i - a potion of flight {unknown}


   Skills:
 + Level 4.5 Fighting
 + Level 5.0 Maces & Flails
 + Level 2.7 Armour
 + Level 2.6 Dodging
 + Level 0.8 Stealth


You had 2 spell levels left.
You knew the following spells:

 Your Spells              Type           Power      Damage    Failure   Level
a - Animate Skeleton      Necr           0%         N/A       50%         1

Your spell library contained the following spells:

 Spells                   Type           Power      Damage    Failure   Level
 Apportation              Tloc           0%         N/A       50%         1
 Corona                   Hex            0%         N/A       50%         1
 Freeze                   Ice            0%         1d3       50%         1
 Pain                     Necr           0%         1d4       50%         1
 Summon Small Mammal      Summ           0%         N/A       50%         1
 Ensorcelled Hibernation  Hex/Ice        0%         N/A       65%         2
 Frozen Ramparts          Ice            0%         1d2       86%         3
 Tukima's Dance           Hex            0%         N/A       86%         3
 Vampiric Draining        Necr           0%         2d6       86%         3
 Hailstorm                Conj/Ice       0%         3d3       99%         4


Dungeon Overview and Level Annotations

Branches:
Dungeon (3/15)

Altars:
Hepliaklqana


Innate Abilities, Weirdness & Mutations

You have a pair of horns on your head.
You reflexively headbutt those who attack you in melee.


Message History

You now have 92 gold pieces (gained 8).
You see here a +0 pair of gloves.
You see here an adder corpse.
Found a bronze wand.
j - a wand of iceblast (4)
There are no items here.
Found a stone staircase leading up.
There is a stone staircase leading up here.
A rat comes into view.
You closely miss the rat. You headbutt the rat.
You kill the rat!
Trog accepts your kill.
You see here a +0 robe.
The orc shouts!
You hear a shout! x2
An orc priest comes into view. It is wielding a +0 mace.
You hit the orc. You headbutt the orc.
You kill the orc!
Trog accepts your kill.
The orc priest calls down the wrath of Beogh upon you.
Beogh smites you! The orc priest hits you with a +0 mace!
Things that are here:
a +0 short sword of venom; a +0 leather armour; an orc corpse You closely miss the orc priest.
The orc priest mumbles some strange prayers to Beogh against you.
Pain shoots through your body!
You closely miss the orc priest. You headbutt the orc priest.
The orc priest is moderately wounded.
The orc priest closely misses you.
You barely miss the orc priest.
The orc priest is moderately wounded.
The orc priest hits you with a +0 mace.
* * * LOW HITPOINT WARNING * * *
You hit the orc priest. Your headbutt misses the orc priest.
The orc priest is severely wounded.
The orc priest hits you with a +0 mace.
* * * LOW HITPOINT WARNING * * *
The orc priest invokes the aid of Beogh against you.
Pain shoots through your body!
You die...

.........##..## ##........#
#... .........# #...#
#........# #### ..).....##
##.# #........#
.........#####..##...<....#
.......#..........#########
.........######.#.....#
.......#.. #..####.####
.......###. ##.# #....##
### .......# #@# ####..##
#.. .......# #.## ##..##
#.. .......# #o.# ##..###..
......## #..#....# ##......
.......# ##. ###.# #####.<
.......# #. # #.. .......#
#. #.. .......# ## #..
.......# #..


You could see an orc priest.

Vanquished Creatures
  2 adders
  A dart slug (D:1)
  5 orcs
  4 endoplasms
  3 giant cockroaches
  6 goblins
  7 hobgoblins
  2 quokkas
  4 ball pythons
  10 bats
  17 frilled lizards
  2 kobolds
  8 rats
71 creatures vanquished.

Vanquished Creatures (others)
  6 plants (D:2)
6 creatures vanquished.

Grand Total: 77 creatures vanquished

Notes
Turn   | Place    | Note
-------+----------+-------------------------------------------
     0 | D:1      | jafadoo the Minotaur Berserker began the quest for the Orb.
     0 | D:1      | Reached XP level 1. HP: 19/19 MP: 0/0
   270 | D:1      | Reached XP level 2. HP: 27/27 MP: 1/1
   403 | D:1      | Reached skill level 4 in Maces & Flails
   723 | D:2      | Reached ** piety under Trog
   727 | D:2      | Reached XP level 3. HP: 15/33 MP: 2/2
   994 | D:2      | Found a hazy altar of Hepliaklqana.
  1694 | D:2      | Was placed under penance by Trog
  1696 | D:2      | Learned a level 1 spell: Animate Skeleton
  1945 | D:3      | Reached XP level 4. HP: 38/41 MP: 3/3
  2059 | D:3      | Was forgiven by Trog
  2060 | D:3      | Reached skill level 5 in Maces & Flails
  2260 | D:3      | Killed from afar by an orc priest

Illustrated notes

Levels and vault maps discovered:
D:1:      wander_arrival_estate, layout_rooms, kennysheep_flooded_box
D:2:      layout_rooms, basic_altar, nrook_loot_triangle, minmay_lizard_king
D:3:      layout_rooms, minmay_three_crescents

Skill      XL: |  1  2  3  4 |
---------------+-------------+-----
Fighting       | 4 |  4.5
Maces & Flails | 4 5 |  5.0
Armour         | |  2.7
Dodging        | |  2.6
Stealth        | |  0.8

Action                   |  1- 3 |  4- 6 || total
-------------------------+-------+-------++-------
Melee: Mace              |    93 |    24 ||   117
       Headbutt          |     9 |     5 ||    14
 Stab: Sleeping          |       |     1 ||     1
Armor: Animal skin       |    19 |     3 ||    22
Dodge: Dodged            |    76 |    23 ||    99
